 Dungeon Crawl Stone Soup version 0.30.1-4-g462c640d31 (webtiles) character file.

Game seed: 3119911370971981342

58 spardeous the Conjurer (level 3, 0/26 HPs)
             Began as a Demigod Conjurer on Aug 14, 2023.
             Slain by Grinder (7 damage)
             ... on level 3 of the Dungeon.
             The game lasted 00:01:50 (2048 turns).

spardeous the Conjurer (Demigod Conjurer)           Turns: 2048, Time: 00:01:51

Health: 0/26       AC:  2    Str:  8    XL:     3   Next: 52%
Magic:  1/9        EV: 12    Int: 24    God:
Gold:   78         SH:  0    Dex: 12    Spells: 4/7 levels left

rFire   . . .        c - staff of conjuration
rCold   + . .        (no shield)
rNeg    . . .        a - +0 robe
rPois   .            (no helmet)
rElec   .            (no cloak)
rCorr   .            (no gloves)
SInv    .            (no boots)
Will    .....        (no amulet)
Stlth   ++           k - ring of protection from cold
HPRegen 0.24/turn    (no ring)
MPRegen 0.11/turn

%: no passive effects
@: no status effects
A: high MP 1, forlorn, divine attributes
a: no special abilities


You were on level 3 of the Dungeon.
You visited 1 branch of the dungeon, and saw 3 of its levels.

You collected 78 gold pieces.

Inventory:

Armour
 a - a +0 robe (worn)
Magical Staves
 c - a staff of conjuration (weapon)
Jewellery
 k - a ring of protection from cold (left hand)
Scrolls
 d - 5 scrolls of identify {unknown}
 h - a scroll of fear {unknown}
Potions
 b - a potion of magic
 e - 2 potions of berserk rage {unknown}
 f - 4 potions of curing {unknown}
 g - a potion of degeneration {unknown}
 i - a potion of attraction {unknown}
 j - a potion of heal wounds {unknown}


   Skills:
 - Level 1.7 Dodging
 - Level 1.7 Stealth
 + Level 2.7 Spellcasting
 + Level 4.3 Conjurations


You had 4 spell levels left.
You knew the following spells:

 Your Spells              Type           Power      Damage    Failure   Level
a - Magic Dart            Conj           100%       1d8       1%          1
b - Searing Ray           Conj           72%        2d7       2%          2

Your spell library contained the following spells:

 Spells                   Type           Power      Damage    Failure   Level
 Dazzling Flash           Conj/Hex       40%        N/A       14%         3
 Ensorcelled Hibernation  Hex/Ice        6%         N/A       17%         2
 Sublimation of Blood     Necr           3%         N/A       17%         2
 Wereblood                Tmut           3%         N/A       17%         2
 Call Canine Familiar     Summ           3%         N/A       32%         3
 Portal Projectile        Hex/Tloc       6%         N/A       32%         3
 Spider Form              Tmut/Pois      3%         N/A       32%         3
 Volatile Blastmotes      Fire/Tloc      6%         2d10      32%         3
 Fulminant Prism          Conj/Hex       10%        3d9       41%         4
 Iskenderun's Mystic Bla  Conj/Tloc      20%        2d6       41%         4
 Anguish                  Hex/Necr       1%         N/A       73%         4
 Leda's Liquefaction      Hex/Erth       1%         N/A       73%         4
 Lee's Rapid Deconstruct  Erth           1%         3d4*      97%         5
 Summon Hydra             Summ           1%         N/A       100%        7


Dungeon Overview and Level Annotations

Branches:
Dungeon (3/15)

Annotations:
D:3 exclusion: oklob plant, Grinder


Innate Abilities, Weirdness & Mutations

You have an increased reservoir of magic. (+10% MP)
You shall have no god before yourself.
Your divine heritage dramatically boosts your attributes as you level up.


Message History

You now have 3/9 mp.
The searing ray hits Grinder!
Grinder is moderately wounded.
You finish channelling your searing ray.
You now have 2/9 mp.
Unknown command.
Casting: Searing Ray (safe; 2% risk of failure)
Confirm with . or Enter, or press ? or * to list all spells.
Aiming: Searing Ray (safe; 2% risk of failure)
Press: ? - help, Shift-Dir - straight line, f - Grinder
Aim: Grinder (lightly wounded, 78% to hit)
You feel a surge of power!
The searing ray hits Grinder!
Grinder is heavily wounded. (Press . to maintain the ray.) Grinder closely misses you.
You now have 0/9 mp.
Without enough magic to sustain it, your searing ray dissipates.
Grinder misses you. Grinder closely misses you.
You hit Grinder.
Grinder is heavily wounded.
Grinder gestures at you. You resist with significant effort.
You closely miss Grinder.
Grinder is heavily wounded.
Grinder barely misses you. Grinder attacks as you move away! Grinder hits you.
You take 5 damage, and have 21/26 hp.
Grinder hits you.
You writhe in agony.
You take 6 damage, and have 15/26 hp.
MASSIVE DAMAGE!!
Really walk into that dispersal trap?
Grinder attacks as you move away! Grinder closely misses you.
You enter a dispersal trap!
Grinder blinks! x2; You blink.
Grinder hits you!
* * * LOW HITPOINT WARNING * * *
You writhe in agony.
* * * LOW HITPOINT WARNING * * *
You take 9 damage, and have 6/26 hp.
MASSIVE DAMAGE!!
Grinder hits you!
You die...

#.... ### .. ###....
..## .. #....$. ..# .#
.. #...... #.# ..# #...
#......### #^# ..##
#.$. #......†.###.#
...# ...
######.#.....########..
.. #.####........##.#
#### #. ##.@5###.##.#
.... #. ###..##....#
#... ##
##.####..####..#.
#...##.......###
###.###....#####
##############.......


#PPP#P#P# P.P##.##### P.P#PP##P.##..# ## #PPPP..P.P#.###### You could see
Grinder.

Vanquished Creatures
  An adder (D:3)
  4 dart slugs
  2 orcs (D:3)
  2 endoplasms (D:1)
  2 giant cockroaches
  5 goblins
  A hobgoblin (D:1)
  4 jackals (D:2)
  2 quokkas (D:2)
  4 ball pythons
  2 bats (D:3)
  A frilled lizard (D:2)
  3 kobolds
  5 rats
38 creatures vanquished.

Notes
Turn   | Place    | Note
-------+----------+-------------------------------------------
     0 | D:1      | spardeous the Demigod Conjurer began the quest for the Orb.
     0 | D:1      | Reached XP level 1. HP: 14/14 MP: 5/5
   604 | D:1      | Noticed an iron imp
   738 | D:1      | Reached XP level 2. HP: 20/20 MP: 2/7
   741 | D:1      | Learned a level 2 spell: Searing Ray
   945 | D:1      | Reached skill level 4 in Conjurations
  1340 | D:2      | Reached XP level 3. HP: 26/26 MP: 7/9
  1935 | D:3      | Noticed an oklob plant
  2028 | D:3      | Noticed Grinder
  2048 | D:3      | Slain by Grinder

Illustrated notes

Levels and vault maps discovered:
D:1:      eino_arrival_tree_alley, layout_loops_corners,
          dreamdust_ecumenical_altar_sealed_demon
D:2:      layout_rooms
D:3:      layout_rooms, tgw_fedhas, lemuel_tele_altar, minmay_stone_trees_small,
          kennysheep_generic_room_3, uniq_grinder

Skill      XL: |  1  2 |
---------------+-------+-----
Spellcasting   | 2 |  2.7
Conjurations   | 4 |  4.3
Dodging        | |  1.7
Stealth        | |  1.7

Action                     || total
---------------------------++-------
  Melee: Staff             ||     2
   Cast: Magic Dart        ||    66
         Searing Ray       ||     2
 Armour: Robe              ||     1
  Dodge: Dodged            ||     8
